 Dungeon Crawl Stone Soup version 0.32-a0-779-g362cfcae2a (webtiles) character file.

Game seed: 2087766396609901711

66 sbailey85 the Chopper (level 3, 0/33 HPs)
             Began as a Minotaur Berserker on Mar 19, 2024.
             Was a Believer of Trog.
             Killed from afar by an orc wizard (7 damage)
             ... with a puff of flame
             ... on level 3 of the Dungeon.
             The game lasted 00:07:54 (1077 turns).

sbailey85 the Chopper (Minotaur Berserker)          Turns: 1077, Time: 00:07:55

Health: 0/33       AC:  2    Str: 23    XL:     3   Next: 96%
Magic:  2/2        EV: 11    Int:  4    God:    Trog [**....]
Gold:   91         SH:  0    Dex:  9    Spells: 2/2 levels left

rFire   . . .        a - +0 hand axe
rCold   . . .        (no shield)
rNeg    . . .        b - +0 animal skin
rPois   .            (helmet restricted)
rElec   .            (no cloak)
rCorr   .            (no gloves)
SInv    .            (no boots)
Will    .....        (no amulet)
Stlth   +            (no ring)
HPRegen 0.25/turn    (no ring)
MPRegen 0.08/turn

%: no passive effects
@: confused
A: horns 2, retaliatory headbutt
a: Renounce Religion, Berserk, Trog's Hand


You were on level 3 of the Dungeon.
You worshipped Trog.
Trog was pleased with you.
You visited 1 branch of the dungeon, and saw 3 of its levels.

You collected 91 gold pieces.

Inventory:

Hand Weapons
 a - a +0 hand axe (weapon)
 c - a +0 dagger
Armour
 b - a +0 animal skin (worn)
Jewellery
 d - a ring of willpower
 h - a ring of positive energy
 i - a ring of positive energy
Scrolls
 e - 3 scrolls of identify {unknown}
 g - a scroll of teleportation {unknown}
 j - a scroll of poison {unknown}
Potions
 f - a potion of lignification {unknown}
 k - a potion of cancellation {unknown}
 l - a potion of curing {unknown}


   Skills:
 + Level 4.2 Fighting
 + Level 5.0 Axes
 + Level 2.7 Armour
 + Level 2.6 Dodging
 + Level 0.1 Stealth


You had 2 spell levels left.
You didn't know any spells.
Your spell library contained the following spells:

 Spells                   Type           Power      Damage    Failure   Level
 Magic Dart               Conj           0%         1d3       50%         1
 Blink                    Tloc           0%         N/A       65%         2
 Call Imp                 Summ           0%         N/A       65%         2


Dungeon Overview and Level Annotations

Branches:
Dungeon (3/15)

Altars:


Innate Abilities, Weirdness & Mutations

You have a pair of horns on your head.
You reflexively headbutt those who attack you in melee.


Message History

You are confused.
You closely miss something. Your headbutt misses something. Something hits you.
A goblin comes into view. It is wielding a +0 dagger.
You bump into the rock wall.
Something hits you. Something hits you.
You start resting.
There are monsters nearby!
Unknown command.
You hear some strange, mumbled words.
A puff of flame appears from out of thin air!
The puff of flame misses you.
You feel less confused. Something hits you.
You hit the orc but do no damage. You hit something. The orc barely misses you.
You furiously retaliate!
You headbutt the orc!
You kill the orc!
Trog accepts your kill. Something hits you.
You hit the orc but do no damage. Your headbutt misses the orc.
You hit something.
You hit the orc priest but do no damage.
The orc completely misses you.
You hear some strange, mumbled words.
You are confused.
The orc priest closely misses you.
You hit the orc.
The orc is heavily wounded.
You miss something. You closely miss the orc priest.
The orc hits you with a +0 short sword.
You hear some strange, mumbled words.
A magic dart appears from out of thin air!
The magic dart hits you.
The orc priest hits you with a +0 hand axe!
* * * LOW HITPOINT WARNING * * *
You closely miss the orc priest. You hit the orc.
You completely miss something. The orc misses you.
You hear some strange, mumbled words.
A puff of flame appears from out of thin air!
The puff of flame hits you!
You die...

####o# ###.
##....#
....##...####.##
................
#.............##
##....#.#######
####g#.# ##o#o#
#####..@{#
.........#
#####....#
####<# #.# #>#
..# ###


You could see an orc priest, an orc and a goblin.

Vanquished Creatures
  An adder (D:2)
  2 dart slugs (D:2)
  A ribbon worm (D:2)
  An orc (D:3)
  2 bats (D:1)
  3 endoplasms
  2 giant cockroaches (D:2)
  8 hobgoblins
  4 jackals (D:2)
  10 kobolds
  A quokka (D:1)
  A ball python (D:2)
  A frilled lizard (D:1)
  4 goblins (D:2)
  3 rats (D:2)
44 creatures vanquished.

Notes
Turn   | Place    | Note
-------+----------+-------------------------------------------
     0 | D:1      | sbailey85 the Minotaur Berserker began the quest for the
                  | Orb.
     0 | D:1      | Reached XP level 1. HP: 19/19 MP: 0/0
   217 | D:1      | Reached skill level 4 in Axes
   217 | D:1      | Reached XP level 2. HP: 15/27 MP: 1/1
   562 | D:2      | Reached ** piety under Trog
   575 | D:2      | Reached XP level 3. HP: 29/33 MP: 2/2
  1004 | D:2      | Reached skill level 5 in Axes
  1077 | D:3      | Killed from afar by an orc wizard

Illustrated notes

Levels and vault maps discovered:
D:1:      amcnicky_arrival_underground_garden, layout_loops_ring,
          hellmonk_ecumenical_altar_inner_sanctum, minmay_distorted
D:2:      layout_rooms
D:3:      layout_loops_ring, lemuel_doored_altar

Skill      XL: |  1  2  3 |
---------------+----------+-----
Axes           | 4 5 |  5.0
Fighting       | 4 |  4.2
Armour         | |  2.7
Dodging        | |  2.6
Stealth        | |  0.1

Action                     || total
---------------------------++-------
  Melee: Hand axe          ||    79
         Headbutt          ||    10
 Armour: Animal skin       ||    77
  Dodge: Dodged            ||    56

Table legend: (Time is in decaauts)
 A = Elapsed time spent in this place.
 B = Non-inter-level travel time spent in this place.
 C = Inter-level travel time spent in this place.
 D = Time resting spent in this place.
 E = Time spent auto-exploring this place.
 F = Levels seen in this place.
 G = Mean time per level.
                   A        B        C        D        E       F      G
               +--------+--------+--------+--------+--------+-----+--------+
         Total |   1082 |   1030 |     52 |    206 |    194 |   3 |  360.7 |
       Dungeon |   1082 |   1030 |     52 |    206 |    194 |   3 |  360.7 |
               +--------+--------+--------+--------+--------+-----+--------+

Top non-repeatable levels by time:
     D:2: 530 daAuts
     D:1: 520 daAuts
     D:3: 32 daAuts
